 Dungeon Crawl Stone Soup version 0.22-a0-351-g29664b4 (webtiles) character file.

527 JeffiDaFish the Digger (level 7, -10/36 HPs)
             Began as a Gargoyle Earth Elementalist on Apr 12, 2018.
             Mangled by 15's ghost (18 damage)
             ... on level 5 of the Dungeon.
             The game lasted 00:11:01 (5212 turns).

JeffiDaFish the Digger (GrEE)                       Turns: 5212, Time: 00:11:02

Health: -10/36     AC:  7    Str: 11    XL:     7   Next: 23%
Magic:  10/14      EV: 14    Int: 18    God:
Gold:   267        SH:  0    Dex: 10    Spells: 7/16 levels left

rFire    . . .     SeeInvis +   i - +2 whip
rCold    . . .     Gourm    .   (no shield)
rNeg     + . .     Faith    .   e - +0 robe
rPois    ∞         Spirit   .   (no helmet)
rElec    +         Reflect  .   (no cloak)
rCorr    .         Harm     +   f - +0 pair of gloves
MR       +....                  (no boots)
Stlth    ++........             k - amulet of harm
HPRegen  0.12/turn              a - ring of see invisible
MPRegen  0.14/turn              (no ring)

@: about to teleport
A: repulsion field 1, magic resistance 1, negative energy resistance 1,
electricity resistance, unbreathing, petrification resistance, rot immunity, AC
+4
a: no special abilities


You were on level 5 of the Dungeon.
You were very hungry.

You visited 1 branch of the dungeon, and saw 5 of its levels.

You collected 267 gold pieces.

Inventory:

Hand Weapons
 i - a +2 whip (weapon)
Missiles
 b - 67 stones (quivered)
Armour
 e - a +0 robe (worn)
 f - a +0 pair of gloves (worn)
Jewellery
 a - a ring of see invisible (left hand)
 k - an amulet of harm (around neck)
Scrolls
 g - 2 scrolls of remove curse
 h - 2 scrolls of teleportation
Potions
 c - a potion of curing
 j - a potion of brilliance {unknown}
 l - a potion of agility
Comestibles
 d - 4 rations


   Skills:
 - Level 1.5 Dodging
 - Level 2.1 Stealth
 * Level 5.1 Spellcasting
 + Level 0.7 Conjurations
   Level 0.7 Transmutations
 * Level 7.2 Earth Magic


You had 7 spell levels left.
You knew the following spells:

 Your Spells              Type           Power        Failure   Level  Hunger
a - Sandblast             Erth           ####..       1%          1    None
b - Stone Arrow           Conj/Erth      ###...       8%          3    ##.....
c - Lee's Rapid Deconstr  Erth           ####......   19%         5    ######.


Dungeon Overview and Level Annotations

Branches:
Dungeon (5/15)
 Temple: D:4-7

Altars:
Dithmenos

Annotations:
D:4 mibe's ghost, amateur HOAK
D:5 15's ghost, novice HOFi


Innate Abilities, Weirdness & Mutations

You are resistant to torment.
Your stone body is resilient. (AC +4)
You are immune to poison.
You resist negative energy. (rN+)
You are resistant to electric shocks. (rElec)
You can survive without breathing.
You are immune to petrification.
You are immune to rotting.
You are surrounded by a mild repulsion field. (EV +2)
You are resistant to hostile enchantments. (MR+)


Message History

15's ghost (novice Hill Orc Fighter) comes into view.
It is wielding a weapon of protection. 15's ghost turns its malevolent gaze towards you. 15's ghost moves out of view.
Found 23 arrows.
There is a stone staircase leading up here. 15's ghost hits you!
You climb upwards.
Level annotation: mibe's ghost, amateur HOAK Mibe's ghost hits you. x2
There is a stone staircase leading down here.
Mibe's ghost hits you but does no damage.
You climb downwards.
Level annotation: 15's ghost, novice HOFi 15's ghost hits you. 15's ghost hits you!
* * * LOW HITPOINT WARNING * * *
There is a stone staircase leading up here.
As you read the scroll of teleportation, it crumbles to dust.
You feel strangely unstable. 15's ghost hits you!
Ouch! That really hurt!
You die...

########## #........#
####........#
...........# ####
#.........# ..#
#.....W...# #.#
#.....@...# #
#.####........#
...##.#.............#
.....)..........#####
###.#.#######.#.# #.
#...# # ##..# .......
###......(


You could see 15's ghost.

Vanquished Creatures
  The ghost of WillyWalla the Chopper, an amateur MiGl (D:3)
  A phantom (D:5)
  A scorpion (D:4)
  A crimson imp (D:2)
  2 hounds
  An orc priest (D:4)
  An orc wizard (D:4)
  An iguana (D:4)
  A gnoll (D:1)
  4 adders
  3 worms
  2 dart slugs (D:2)
  7 orcs
  2 giant cockroaches (D:3)
  10 goblins
  5 hobgoblins
  8 jackals
  A ball python (D:2)
  7 bats
  A frilled lizard (D:1)
  6 kobolds
  9 rats
75 creatures vanquished.

Notes
Turn   | Place    | Note
-------+----------+-------------------------------------------
     0 | D:1      | JeffiDaFish the Gargoyle Earth Elementalist began the quest for the Orb.
     0 | D:1      | Reached XP level 1. HP: 10/10 MP: 3/3
     6 | D:1      | Noticed a basilisk
     6 | D:1      | Noticed a tyrant leech
     6 | D:1      | Noticed a worker ant
     7 | D:1      | Noticed a yaktaur captain
   375 | D:1      | Reached skill level 4 in Earth Magic
   375 | D:1      | Reached XP level 2. HP: 15/15 MP: 1/5
   901 | D:1      | Reached XP level 3. HP: 19/19 MP: 6/6
  1077 | D:2      | Reached XP level 4. HP: 23/24 MP: 3/8
  1091 | D:2      | Learned a level 3 spell: Stone Arrow
  1225 | D:2      | Gained mutation: You are surrounded by a mild repulsion field. (EV +2) [potion of mutation]
  1225 | D:2      | Gained mutation: You are resistant to hostile enchantments. (MR+) [potion of mutation]
  1474 | D:2      | Reached skill level 5 in Earth Magic
  2490 | D:3      | Reached XP level 5. HP: 28/28 MP: 8/10
  2722 | D:3      | Noticed WillyWalla's ghost (amateur MiGl)
  2752 | D:3      | Learned a level 5 spell: Lee's Rapid Deconstruction
  2947 | D:3      | Killed WillyWalla's ghost
  2947 | D:3      | Reached skill level 6 in Earth Magic
  3087 | D:3      | Reached XP level 6. HP: 32/32 MP: 12/12
  3333 | D:3      | Found a faded altar of an unknown god.
  3506 | D:4      | Noticed mibe's ghost (amateur HOAK)
  4608 | D:4      | Reached skill level 7 in Earth Magic
  4608 | D:4      | Reached XP level 7. HP: 34/36 MP: 5/14
  4848 | D:4      | Found a shadowy altar of Dithmenos.
  5171 | D:5      | Entered Level 5 of the Dungeon
  5194 | D:5      | Reached skill level 5 in Spellcasting
  5199 | D:5      | Noticed 15's ghost (novice HOFi)
  5212 | D:5      | Mangled by 15's ghost

Vault maps used:
D:1:      onia_arrival_zoo_common, minmay_misc_feat_square, moated_statue,
          minmay_misc_feat_doors
D:2:      first_ration
D:3:      chequers_ecumenical_altar_twisty, corexii_corridor_pit,
          serial_bayou_pond_e, kennysheep_donut
D:4:      grunt_dithmenos_smoke

Skill      XL: |  1  2  3  4  5  6  7 |
---------------+----------------------+-----
Earth Magic    | 4 5 6 7 |  7.2
Spellcasting   | 3 4 5 |  5.1
Dodging        | |  1.5
Stealth        | |  2.1
Conjurations   | |  0.7
Transmutations | |  0.7

Action                   |  1- 3 |  4- 6 |  7- 9 || total
-------------------------+-------+-------+-------++-------
Melee: Mace              |    12 |     1 |       ||    13
       Whip              |       |   118 |       ||   118
 Cast: Sandblast         |    17 |    29 |     2 ||    48
       Stone Arrow       |       |    24 |     4 ||    28
  Use: Scroll            |     5 |     2 |     3 ||    10
       Potion            |     2 |     6 |     1 ||     9
 Stab: Sleeping          |     1 |     3 |       ||     4
  Eat: Chunk             |     1 |    10 |     1 ||    12
       Ration            |       |     1 |       ||     1
Armor: Robe              |     9 |    44 |     1 ||    54
Dodge: Dodged            |    12 |   106 |       ||   118

Table legend:
 A = Spawn XP
 B = Non-spawn XP
 C = Spawn XP percentage of total XP
 D = Spawn monster count
 E = Non-spawn monster count
 F = Spawn count percentage of total count
 G = Total turns spent on level
                    A         B        C        D         E        F      G
               +---------+---------+-------+---------+---------+-------+---------
         Total |       0 |     753 |   0.0 |       0 |      75 |   0.0 |  5212
               +---------+---------+-------+---------+---------+-------+---------
           D:1 |       0 |      34 |   0.0 |       0 |      15 |   0.0 |  1064
           D:2 |       0 |     101 |   0.0 |       0 |      20 |   0.0 |  1076
           D:3 |       0 |     260 |   0.0 |       0 |      30 |   0.0 |  1941
           D:4 |       0 |     242 |   0.0 |       0 |       9 |   0.0 |  1092
           D:5 |       0 |     116 |   0.0 |       0 |       1 |   0.0 |    39
               +---------+---------+-------+---------+---------+-------+---------
